[Event "Titled Tuesday Blitz July 4 Late 2023"]
[White "Zeltsan, Joseph"]
[Black "Aldokhin, Ivan"]
[WhiteFideId "30932980"]
[BlackFideId "24115720"]
[WhiteElo "2512"]
[BlackElo "2663"]
[Result "0-1"]
[Round "6"]
[TimeControl "180+2"]
[Date "2023.07.04"]
[WhiteClock "0:00:06"]
[BlackClock "0:00:03"]
[Board "55"]

1. e4 c5 2. Nf3 e6 3. d4 cxd4 4. Nxd4 a6 5. c4 Qc7 6. Nc3 Nf6 7. a3 d6 8. Be3 b6 9. Be2 Bb7 10. f3 Be7 11. O-O Nbd7 12. Rc1 O-O 13. Kh1 Rac8 14. Qe1 Qb8 15. b4 Ne5 16. Na4 Nfd7 17. f4 Ng6 18. f5 exf5 19. Nxf5 Bxe4 20. Nxe7+ Nxe7 21. Qh4 Qb7 22. Qxe7 Bxg2+ 23. Kg1 Rce8 24. Qg5 Bxf1 25. Rxf1 Qe4 26. Rf3 Qc2 27. Rg3 g6 28. Bg4 Qxa4 29. Rh3 Re5 30. Qh4 h5 31. Bd4 Rfe8 32. Bxe5 Rxe5 33. Bxd7 Qxd7 34. Rf3 Qe6 35. Kg2 Re2+ 36. Rf2 Re4 37. Qd8+ Kg7 38. h3 Rxc4 39. Qxb6 Qe4+ 40. Kh2 Qe5+ 41. Kg2 Rc3 42. Qb7 Qg3+ 43. Kf1 Rc1+ 44. Ke2 Qe5+ 45. Kd2 Qc3+ 46. Ke2 Rc2+ 47. Kf1 Qd3+ 48. Kg1 Qd1+ 49. Rf1 Qd4+ 50. Kh1 Qc4 51. Qg2 Rc3 52. Qb2 Kg8 53. Rg1 Rc2 54. Qc1 Qc6+ 55. Rg2 Rxc1+ 56. Kh2 Qc4 57. Rxg6+ fxg6 0-1


[Site "https://www.chess.com"]

[Event "Titled Tuesday Blitz July 4 Late 2023"]
[White "Guerra Tulcan, Lenin"]
[Black "Mazarini41"]
[WhiteFideId "3601382"]
[WhiteElo "2655"]
[BlackElo "2511"]
[Result "1/2-1/2"]
[Round "6"]
[TimeControl "180+2"]
[Date "2023.07.04"]
[WhiteClock "0:00:11"]
[BlackClock "0:00:02"]
[Board "56"]

1. e4 g6 2. d4 Bg7 3. Nf3 d6 4. Nc3 Nd7 5. Be2 a6 6. a4 b6 7. O-O Bb7 8. Re1 c5 9. Bf1 Rc8 10. Bg5 cxd4 11. Nxd4 Ngf6 12. f3 O-O 13. Qd2 Ne5 14. Bh6 Nc4 15. Bxc4 Rxc4 16. Bxg7 Kxg7 17. Rad1 Qc7 18. Qg5 Kh8 19. Kh1 Qc5 20. Qxc5 bxc5 21. Nde2 Rb4 22. b3 c4 23. Na2 Rb6 24. a5 Rc6 25. b4 c3 26. Nexc3 Rfc8 27. Re3 Nd7 28. f4 Nf6 29. h3 Rc4 30. Rde1 d5 31. exd5 Nxd5 32. Nxd5 Bxd5 33. c3 Rxf4 34. Nc1 Rf2 35. Nd3 e6 36. R1e2 Rxe2 37. Rxe2 Rxc3 38. Nc5 Bc4 39. Rd2 Bb5 40. Rd8+ Kg7 41. Ra8 Rc4 42. Rb8 Kf6 43. Kh2 h5 44. Rb6 h4 45. Rb7 Rc2 46. Ne4+ Ke5 47. Ng5 Kf5 48. Nxf7 Bc6 49. Nd6+ Ke5 50. Nf7+ Kf6 51. Rc7 Rxg2+ 52. Kh1 Rc2+ 53. Kg1 Be4 54. Rxc2 Bxc2 55. Nd6 Ke7 56. Nb7 Bd3 57. Nc5 Bb5 58. Kf2 Kd6 59. Ke3 Kd5 60. Kf4 Kc4 61. Nxe6 Kxb4 62. Nc7 Kxa5 63. Kg5 Bd7 64. Kxh4 Kb6 65. Nxa6 Kxa6 66. Kg5 Bxh3 67. Kxg6 1/2-1/2


[Site "https://www.chess.com"]

[Event "Titled Tuesday Blitz July 4 Late 2023"]
[White "Hamitevici, Vladimir"]
[Black "MKlose11"]
[WhiteFideId "13902393"]
[WhiteElo "2503"]
[BlackElo "2652"]
[Result "0-1"]
[Round "6"]
[TimeControl "180+2"]
[Date "2023.07.04"]
[WhiteClock "0:00:06"]
[BlackClock "0:00:16"]
[Board "57"]

1. Nf3 Nf6 2. b3 g6 3. Bb2 Bg7 4. e3 O-O 5. d4 b6 6. Bd3 c5 7. O-O d6 8. Qe2 Nc6 9. a3 Bb7 10. Rd1 Rc8 11. c4 cxd4 12. exd4 d5 13. c5 Ne4 14. b4 a5 15. b5 Nb8 16. c6 Nxc6 17. bxc6 Bxc6 18. Nbd2 Nd6 19. Rdc1 e6 20. a4 Qe8 21. Ne5 Bxa4 22. Rxc8 Nxc8 23. Ba3 b5 24. Bxf8 Bxf8 25. Qf3 Nd6 26. Rc1 Qe7 27. Nc6 Qc7 28. Qf6 Nc4 29. Bxc4 Qxc6 30. Nf3 dxc4 31. Ne5 Qc7 32. h4 Bg7 33. Qf4 f6 34. Nd3 Qxf4 35. Nxf4 Kf7 36. d5 exd5 37. Nxd5 Bb3 38. Nc7 b4 39. Nb5 f5 40. Nd6+ Ke6 41. Nxc4 Bxc4 42. Rxc4 b3 43. Rc7 b2 44. Rb7 a4 45. Kf1 a3 0-1


[Site "https://www.chess.com"]

[Event "Titled Tuesday Blitz July 4 Late 2023"]
[White "Thomforde-Toates, Noah"]
[Black "only_strong_moves"]
[WhiteFideId "30951992"]
[WhiteElo "2641"]
[BlackElo "2496"]
[Result "0-1"]
[Round "6"]
[TimeControl "180+2"]
[Date "2023.07.04"]
[WhiteClock "0:00:15"]
[BlackClock "0:00:40"]
[Board "58"]

1. e4 c5 2. Nf3 Nc6 3. d4 cxd4 4. Nxd4 Nf6 5. Nc3 e5 6. Ndb5 d6 7. Bg5 a6 8. Na3 b5 9. Nd5 Be7 10. Bxf6 Bxf6 11. c4 b4 12. Nc2 O-O 13. g3 Rb8 14. b3 g6 15. Bg2 Bg7 16. O-O a5 17. Qd3 Be6 18. Rad1 Kh8 19. f4 f5 20. Nde3 Nd4 21. Nxd4 exd4 22. Nc2 fxe4 23. Bxe4 Bh3 24. Rf2 Qb6 25. Nxd4 Rbe8 26. Bg2 Bg4 27. Rdd2 Re1+ 28. Rf1 Rfe8 29. h3 R1e3 30. hxg4 Rxd3 31. Rxd3 Bxd4+ 32. Kh1 Bc5 33. f5 Qd8 34. f6 Rf8 35. g5 h6 36. g4 Rf7 37. Rh3 Rh7 38. gxh6 Qe8 39. g5 Rf7 40. Bd5 Rf8 41. f7 Qe5 42. Rff3 Qxg5 43. Rfg3 Qc1+ 44. Kg2 Qd2+ 45. Kf3 Qf2+ 46. Ke4 Qf5# 0-1


[Site "https://www.chess.com"]

[Event "Titled Tuesday Blitz July 4 Late 2023"]
[White "Kovalevsky, Stanislav"]
[Black "Hilary46"]
[WhiteFideId "13508598"]
[WhiteElo "2494"]
[BlackElo "2639"]
[Result "0-1"]
[Round "6"]
[TimeControl "180+2"]
[Date "2023.07.04"]
[WhiteClock "0:00:11"]
[BlackClock "0:00:58"]
[Board "59"]

1. c4 Nf6 2. Nc3 e6 3. e4 d5 4. e5 d4 5. exf6 dxc3 6. bxc3 Qxf6 7. d4 e5 8. Nf3 Nc6 9. d5 Nb8 10. Bg5 Qg6 11. Be3 Nd7 12. Qb1 Qxb1+ 13. Rxb1 b6 14. Be2 f6 15. O-O Bc5 16. Bc1 Kf7 17. Nd2 Bb7 18. Nb3 Be7 19. Na5 Ba6 20. Nc6 Bd6 21. f4 exf4 22. Bg4 Nc5 23. Bxf4 Bxc4 24. Bxd6 cxd6 25. Rfe1 Bxd5 26. Nb4 Be6 27. Bf3 Rae8 28. Nc6 Bxa2 29. Rxe8 Rxe8 30. Ra1 Nd3 31. h3 Re1+ 32. Rxe1 Nxe1 33. Nxa7 Nxf3+ 34. gxf3 Ke6 35. Nc6 Bd5 36. Nd4+ Ke5 37. Kf2 Be6 38. h4 Kd5 39. Ke3 Bd7 40. Ne2 g5 41. h5 h6 42. Ng3 f5 43. f4 g4 44. Kd3 b5 45. Ne2 Ke6 46. Kd4 Bc6 47. Ng3 Be4 48. Ne2 Kd7 49. Ng3 Kc6 50. Ne2 Bd5 51. Ng3 Be6 52. Ne2 Kb6 53. Ng3 Ka5 54. Ne2 Ka4 55. Nc1 Ka3 56. Ne2 Kb3 57. Kd3 Bc4+ 58. Kd2 Bxe2 59. Ke3 Kxc3 60. Kf2 Kd3 61. Kg3 Ke3 62. Kh4 b4 63. Kg3 b3 64. Kh4 b2 65. Kg3 b1=Q 66. Kh4 Qe1# 0-1


[Site "https://www.chess.com"]

[Event "Titled Tuesday Blitz July 4 Late 2023"]
[White "Molenda, Marcin"]
[Black "Rostomyan, Mikayel"]
[WhiteFideId "1173065"]
[BlackFideId "13313754"]
[WhiteElo "2491"]
[BlackElo "2631"]
[Result "1-0"]
[Round "6"]
[TimeControl "180+2"]
[Date "2023.07.04"]
[WhiteClock "0:00:04"]
[BlackClock "0:00:05"]
[Board "60"]

1. e4 c5 2. Nf3 Nc6 3. Bb5 g6 4. O-O Bg7 5. Re1 Nf6 6. c3 O-O 7. e5 Nd5 8. h3 Nc7 9. Bf1 d5 10. d4 Bf5 11. dxc5 a5 12. Nbd2 Ne6 13. Nb3 a4 14. Nbd4 Nxc5 15. Nxf5 gxf5 16. e6 Nxe6 17. Nh4 f4 18. Nf5 Bf6 19. Qh5 Kh8 20. Bd3 Ng5 21. Bxf4 e5 22. Bxg5 Bxg5 23. Nh6 e4 24. Nxf7+ Rxf7 25. Qxf7 exd3 26. f4 Bf6 27. Rad1 Bg7 28. Rxd3 d4 29. cxd4 Nxd4 30. Kh1 Qf8 31. Qxb7 Rb8 32. Qd7 Nf5 33. Kh2 Bxb2 34. Rd5 Nh6 35. f5 Bg7 36. Re7 Ng8 37. Rf7 Nf6 38. Rxf8+ Rxf8 39. Qe6 Re8 40. Qf7 Rf8 41. Qb7 Nxd5 42. Qxd5 Re8 43. h4 Be5+ 44. Kh3 Bf6 45. g4 Rf8 46. g5 Rd8 47. Qe6 Bg7 48. f6 Bf8 49. Qf7 h6 50. g6 Rd3+ 51. Kg2 Rd4 52. Kf3 Rd7 53. Qxd7 1-0


[Site "https://www.chess.com"]

[Event "Titled Tuesday Blitz July 4 Late 2023"]
[White "Ganiev, Roman"]
[Black "Horcajuelo Rocamora, Martin"]
[WhiteFideId "4131452"]
[BlackFideId "24573027"]
[WhiteElo "2629"]
[BlackElo "2490"]
[Result "0-1"]
[Round "6"]
[TimeControl "180+2"]
[Date "2023.07.04"]
[WhiteClock "0:00:50"]
[BlackClock "0:00:43"]
[Board "61"]

1. e4 e5 2. d4 exd4 3. Qxd4 Nc6 4. Qe3 Nf6 5. Nc3 Bb4 6. Bd2 O-O 7. O-O-O Re8 8. Qg3 Nxe4 9. Nxe4 Rxe4 10. c3 Bf8 11. Bd3 Re8 12. Nf3 g6 13. h4 h5 14. Ng5 Ne5 15. Bc2 d5 16. Rhe1 Bg7 17. Bf4 Qf6 18. Rxd5 Nd3+ 19. Bxd3 Rxe1+ 20. Kd2 Re8 21. Ne4 Qe6 22. Rg5 b6 23. f3 Bb7 24. Kc2 Rad8 25. Bxc7 Rxd3 26. Kxd3 Bxe4+ 27. fxe4 Qxe4+ 28. Kd2 Qe2+ 29. Kc1 Bh6 30. Bf4 Bxg5 31. Qxg5 Qe1+ 32. Kc2 Qe4+ 33. Kc1 Qd3 34. Bd2 Rd8 35. Qf4 Rd5 36. c4 Rf5 37. Qb8+ Kh7 0-1


[Site "https://www.chess.com"]

[Event "Titled Tuesday Blitz July 4 Late 2023"]
[White "Domingo Nunez, Ruben"]
[Black "Remolar Gallen, Jose"]
[WhiteFideId "22245570"]
[BlackFideId "2215187"]
[WhiteElo "2623"]
[BlackElo "2467"]
[Result "1-0"]
[Round "6"]
[TimeControl "180+2"]
[Date "2023.07.04"]
[WhiteClock "0:00:02"]
[BlackClock "0:00:00"]
[Board "62"]

1. Nf3 Nf6 2. g3 g6 3. Bg2 Bg7 4. O-O O-O 5. d4 d6 6. c4 Ne4 7. Ng5 Nxg5 8. Bxg5 c5 9. Be3 Nc6 10. d5 Na5 11. Qc1 Qb6 12. Nd2 Qxb2 13. Rb1 Qxc1 14. Rfxc1 b6 15. Bg5 Re8 16. e4 Ba6 17. Bf1 e6 18. Bf4 Rad8 19. h4 exd5 20. exd5 Be5 21. Bg5 f6 22. Be3 f5 23. Bg5 Rd7 24. Nf3 Bg7 25. Bd3 h6 26. Bd2 Nb7 27. h5 gxh5 28. Bxf5 Rde7 29. Bg6 Rf8 30. Bxh5 Nd8 31. Bf4 Rf6 32. Nh4 Re4 33. Kg2 Nf7 34. Bf3 Rxc4 35. Rd1 Rd4 36. Rxd4 cxd4 37. Rc1 Ne5 38. Be4 1-0


[Site "https://www.chess.com"]

[Event "Titled Tuesday Blitz July 4 Late 2023"]
[White "Janturin, Artur"]
[Black "Karttunen, Mika"]
[WhiteFideId "4130022"]
[BlackFideId "502081"]
[WhiteElo "2464"]
[BlackElo "2616"]
[Result "1-0"]
[Round "6"]
[TimeControl "180+2"]
[Date "2023.07.04"]
[WhiteClock "0:00:54"]
[BlackClock "0:00:03"]
[Board "63"]

1. e4 e5 2. Nf3 Nc6 3. d4 exd4 4. Nxd4 Nf6 5. Nxc6 bxc6 6. e5 Qe7 7. Qe2 Nd5 8. c4 Nb6 9. b3 Qe6 10. g3 Bb7 11. Bg2 O-O-O 12. O-O d5 13. Bb2 dxc4 14. Nd2 Ba6 15. Rfc1 Bb4 16. Nxc4 Bxc4 17. bxc4 Rd2 18. Qh5 Kb8 19. Bc3 Bxc3 20. Rxc3 Rhd8 21. c5 Nd5 22. Rb1+ Ka8 23. Rcb3 g6 24. Qg5 Rc8 25. Qxd2 Qxe5 26. Bxd5 1-0


[Site "https://www.chess.com"]

[Event "Titled Tuesday Blitz July 4 Late 2023"]
[White "Ballester Llagaria, Luis Eduardo"]
[Black "Ladan, Nicholas"]
[WhiteFideId "2297620"]
[BlackFideId "30918855"]
[WhiteElo "2594"]
[BlackElo "2461"]
[Result "0-1"]
[Round "6"]
[TimeControl "180+2"]
[Date "2023.07.04"]
[WhiteClock "0:00:22"]
[BlackClock "0:00:06"]
[Board "64"]

1. e4 e5 2. Nc3 Nc6 3. Nf3 Nf6 4. a3 g6 5. d4 exd4 6. Nxd4 Bg7 7. Nxc6 dxc6 8. Qxd8+ Kxd8 9. Bf4 Be6 10. O-O-O+ Nd7 11. Ne2 Rc8 12. Nd4 Bxd4 13. Rxd4 c5 14. Rd1 Ke7 15. h4 f6 16. Be2 h5 17. Rd2 Ne5 18. Rhd1 Rhd8 19. f3 Rxd2 20. Rxd2 Nc4 21. Rd3 Ne5 22. Rd1 b6 23. b3 a5 24. a4 Nc6 25. Kb2 Ne5 26. Kc3 Rf8 27. Bh6 Rh8 28. Be3 Bc8 29. Bb5 Be6 30. Bf1 Nf7 31. Bc4 Bxc4 32. Kxc4 Nd6+ 33. Kc3 Rd8 34. Rd2 Nf7 35. Rxd8 Kxd8 36. Bf4 Kd7 37. Kc4 Kc6 38. c3 Nd8 39. Kd3 Ne6 40. Be3 b5 41. c4 b4 42. g4 Ng7 43. g5 f5 44. Bc1 fxe4+ 45. fxe4 Kd6 46. Bf4+ Kd7 47. Be3 Ne6 48. e5 c6 49. Ke4 Ke7 50. Bf2 Kd7 51. Be3 Ke7 52. Kf3 Kd7 53. Bf2 Nd4+ 54. Bxd4 cxd4 55. c5 Ke6 56. Ke4 d3 57. Kxd3 Kxe5 58. Kc4 Kf5 59. Kd4 Kf4 60. Kd3 Kg4 61. Ke4 Kxh4 62. Ke5 Kxg5 63. Kd6 h4 64. Kxc6 h3 65. Kb6 h2 66. c6 h1=Q 67. c7 Qc1 68. Kb7 Kf6 69. c8=Q Qxc8+ 70. Kxc8 g5 71. Kb7 g4 72. Kb6 g3 73. Kxa5 g2 74. Kxb4 g1=Q 75. Kb5 Qa7 76. b4 Ke7 77. Kc6 Qxa4+ 78. b5 Kd8 79. Kb6 Kc8 80. Kc6 Kb8 81. Kb6 Qh4 82. Ka5 Kb7 83. b6 Qf6 84. Kb5 Qc6+ 0-1


[Site "https://www.chess.com"]

[Event "Titled Tuesday Blitz July 4 Late 2023"]
[White "Sargsyan, Anna M."]
[Black "Romero Ruscalleda, Josep"]
[WhiteFideId "13308130"]
[BlackFideId "2231859"]
[WhiteElo "2594"]
[BlackElo "2432"]
[Result "0-1"]
[Round "6"]
[TimeControl "180+2"]
[Date "2023.07.04"]
[WhiteClock "0:00:00"]
[BlackClock "0:00:19"]
[Board "65"]

1. d4 g6 2. c4 Bg7 3. g3 d6 4. Bg2 Nc6 5. e3 e5 6. Ne2 Bg4 7. Qa4 Bxe2 8. Bxc6+ bxc6 9. Qxc6+ Kf8 10. Kxe2 exd4 11. exd4 Bxd4 12. Rd1 Qe8+ 13. Qxe8+ Rxe8+ 14. Kf3 Bf6 15. Na3 a6 16. Nc2 Kg7 17. Ne3 Ne7 18. Ng4 Nf5 19. Nxf6 Kxf6 20. b3 Kg7 21. Bb2+ f6 22. Re1 Kf7 23. g4 Ng7 24. h4 Rxe1 25. Rxe1 Ra8 26. g5 Nh5 27. Re3 a5 28. Kg2 Rb8 29. gxf6 Nf4+ 30. Kg3 Ne6 31. Bc3 a4 32. b4 Re8 33. Kg4 Nf8 34. Rxe8 Kxe8 35. f4 Kf7 36. f5 Nd7 37. Kg5 c6 38. fxg6+ hxg6 39. Bd4 c5 40. bxc5 dxc5 41. Bb2 Nb6 42. Ba3 Nxc4 43. Bxc5 Nd2 44. Bd4 Nf3+ 0-1


[Site "https://www.chess.com"]

[Event "Titled Tuesday Blitz July 4 Late 2023"]
[White "Ovchinnikov, Vsevolod"]
[Black "Bueno, Alfeu Junior Varela"]
[WhiteFideId "24176842"]
[BlackFideId "2108879"]
[WhiteElo "2579"]
[BlackElo "2443"]
[Result "1-0"]
[Round "6"]
[TimeControl "180+2"]
[Date "2023.07.04"]
[WhiteClock "0:00:12"]
[BlackClock "0:00:00"]
[Board "66"]

1. d4 e6 2. c4 f5 3. Nf3 b6 4. g3 Bb7 5. Bg2 Nf6 6. O-O Be7 7. b3 O-O 8. Bb2 Qe8 9. Nbd2 Qh5 10. e3 Qh6 11. Ne5 Bxg2 12. Kxg2 d6 13. Nd3 Nbd7 14. Qe2 a5 15. e4 Nh5 16. exf5 Rxf5 17. Rae1 Nf8 18. f4 Re8 19. Ne4 Qg6 20. Kh1 Nf6 21. Nxf6+ Rxf6 22. Qe4 Qh5 23. Rf2 Rh6 24. Qf3 Qf5 25. Qe4 Qh5 26. Qe2 Qg6 27. a4 Bf6 28. Rf3 Qg4 29. Re3 Qf5 30. Nf2 Qh5 31. Qxh5 Rxh5 32. R1e2 c5 33. Rd3 cxd4 34. Bxd4 Bxd4 35. Rxd4 Rd8 36. Ne4 d5 37. Ng5 h6 38. Nxe6 Nxe6 39. Rxe6 Kf7 40. Rxb6 1-0


[Site "https://www.chess.com"]

[Event "Titled Tuesday Blitz July 4 Late 2023"]
[White "Mikhalsky, Vladimir"]
[Black "Yurovskykh, Oleksandr"]
[WhiteFideId "14144352"]
[BlackFideId "14134020"]
[WhiteElo "2432"]
[BlackElo "2578"]
[Result "1/2-1/2"]
[Round "6"]
[TimeControl "180+2"]
[Date "2023.07.04"]
[WhiteClock "0:00:47"]
[BlackClock "0:00:19"]
[Board "67"]

1. d4 d5 2. c4 e6 3. Nf3 Nf6 4. g3 Bb4+ 5. Bd2 Be7 6. Qc2 O-O 7. Bg2 c6 8. O-O Nbd7 9. c5 b6 10. b4 Ba6 11. Nc3 Bc4 12. Rfe1 a5 13. a3 axb4 14. axb4 b5 15. Bf4 Qc8 16. Ne5 Nxe5 17. Bxe5 Nd7 18. Bf4 Bf6 19. Bd6 Re8 20. e3 Qb7 21. f4 Rxa1 22. Rxa1 Ra8 23. Qb2 Ra7 24. Bf1 Qa8 25. Rxa7 Qxa7 26. Bxc4 dxc4 27. Qa2 Qxa2 28. Nxa2 g6 29. Nc3 Bg7 30. Kf2 f5 31. Kf3 Kf7 32. Be5 Bxe5 33. fxe5 Nb8 34. e4 Na6 35. Na2 fxe4+ 36. Kxe4 Nc7 37. Nc3 Na6 38. Na2 g5 39. g4 Kg6 40. h3 h5 41. Ke3 h4 42. Ke4 Kf7 43. Ke3 Ke7 44. Ke4 Nc7 45. Nc3 Nd5 46. Nxd5+ cxd5+ 47. Ke3 Kd7 48. Kd2 Kc6 49. Kc3 Kc7 50. Kc2 Kc6 51. Kc3 Kc7 52. Kc2 Kc6 53. Kc3 1/2-1/2


[Site "https://www.chess.com"]

[Event "Titled Tuesday Blitz July 4 Late 2023"]
[White "Sousa, Andre Ventura"]
[Black "Gombocz, Ferenc Jr."]
[WhiteFideId "1917617"]
[BlackFideId "775029"]
[WhiteElo "2572"]
[BlackElo "2407"]
[Result "1-0"]
[Round "6"]
[TimeControl "180+2"]
[Date "2023.07.04"]
[WhiteClock "0:00:56"]
[BlackClock "0:01:11"]
[Board "68"]

1. e4 e5 2. Nf3 Nc6 3. Nc3 Nf6 4. g3 d5 5. exd5 Nxd5 6. Bg2 Be6 7. O-O Bd6 8. d4 Nxc3 9. bxc3 O-O 10. d5 Bg4 11. dxc6 e4 12. cxb7 Rb8 13. Bg5 Qd7 14. Re1 Qf5 15. Nd4 Qxg5 16. Qb1 c5 17. Nc6 f5 18. Nxb8 Rxb8 19. Qb3+ Kh8 20. Qd5 Bc7 21. Rxe4 Rd8 22. Rxg4 1-0


[Site "https://www.chess.com"]

[Event "Titled Tuesday Blitz July 4 Late 2023"]
[White "Fernandez Siles, Luis"]
[Black "Jovic, Stanoje"]
[WhiteFideId "2209420"]
[BlackFideId "905020"]
[WhiteElo "2391"]
[BlackElo "2571"]
[Result "0-1"]
[Round "6"]
[TimeControl "180+2"]
[Date "2023.07.04"]
[WhiteClock "0:00:00"]
[BlackClock "0:01:14"]
[Board "69"]

1. d4 Nf6 2. Bg5 c5 3. d5 Qb6 4. Nc3 Qxb2 5. Bd2 Qb6 6. e4 e5 7. f4 d6 8. Nf3 Bg4 9. Rb1 Qc7 10. fxe5 dxe5 11. h3 Bh5 12. Nb5 Qd8 13. Bg5 a6 14. Bxf6 gxf6 15. g4 Bg6 16. Nc3 b5 17. Nh4 c4 18. Bg2 Bc5 19. Ne2 Qa5+ 20. Kf1 Nd7 21. Ng3 Qxa2 22. Nhf5 b4 23. d6 b3 24. Rc1 O-O 25. Qd2 Kh8 26. Qh6 Rg8 0-1


[Site "https://www.chess.com"]

[Event "Titled Tuesday Blitz July 4 Late 2023"]
[White "D`Arruda, Ricardo D."]
[Black "Taranenko, Evgueniy"]
[WhiteFideId "100692"]
[BlackFideId "14122138"]
[WhiteElo "2565"]
[BlackElo "2384"]
[Result "1/2-1/2"]
[Round "6"]
[TimeControl "180+2"]
[Date "2023.07.04"]
[WhiteClock "0:01:06"]
[BlackClock "0:00:23"]
[Board "70"]

1. Nf3 f5 2. d3 d5 3. g3 Nf6 4. Bg2 c5 5. O-O Nc6 6. Nbd2 e5 7. e4 fxe4 8. dxe4 d4 9. Nh4 Bd6 10. Nf5 Bxf5 11. exf5 O-O 12. Ne4 Qd7 13. g4 Ne7 14. Nxd6 Qxd6 15. Bxb7 e4 16. Bxa8 Rxa8 17. h3 h5 18. Bg5 hxg4 19. hxg4 Ned5 20. c3 Kf7 21. cxd4 Rh8 22. f4 exf3 23. Rxf3 Qh2+ 24. Kf1 Ne4 25. Qb3 Qh1+ 26. Ke2 Qg2+ 27. Kd3 Qxf3+ 28. Kc4 Nb6+ 29. Kb5+ Qxb3+ 30. axb3 Nxg5 31. Rxa7+ Kf6 32. dxc5 Nd5 33. c6 Rc8 34. Kc5 Ne7 35. Ra6 Ne4+ 36. Kd4 Rxc6 37. Rxc6+ Nxc6+ 38. Kxe4 Kg5 39. Kd5 Nb4+ 40. Ke6 Kxg4 41. f6 gxf6 42. Kxf6 Kf4 43. Ke6 Ke4 44. Kd6 Nd3 45. Kc6 Kd4 46. b4 Nxb4+ 47. Kb5 Nd5 48. b4 Nxb4 1/2-1/2


[Site "https://www.chess.com"]

[Event "Titled Tuesday Blitz July 4 Late 2023"]
[White "Alahakoon, Isuru"]
[Black "Przybylski, Wojciech"]
[WhiteFideId "9900993"]
[BlackFideId "1117599"]
[WhiteElo "2376"]
[BlackElo "2561"]
[Result "0-1"]
[Round "6"]
[TimeControl "180+2"]
[Date "2023.07.04"]
[WhiteClock "0:00:07"]
[BlackClock "0:01:02"]
[Board "71"]

1. Nf3 Nf6 2. d4 e6 3. Nc3 d5 4. Bg5 h6 5. Bxf6 Qxf6 6. e4 dxe4 7. Nxe4 Qd8 8. Bd3 Nd7 9. Qe2 Nf6 10. Ng3 Be7 11. O-O-O O-O 12. Kb1 b5 13. Ne4 Rb8 14. g4 Nd5 15. g5 Nf4 16. Qd2 hxg5 17. h4 Nxd3 18. Qxd3 g4 19. Nfg5 f5 20. Nc5 Bxc5 21. dxc5 Qxd3 22. Rxd3 Bb7 23. Rhd1 Bd5 24. Ra3 Ra8 25. Re1 Rfe8 26. Rae3 Rad8 27. b3 f4 28. Re5 g3 29. fxg3 fxg3 30. Rg1 g2 31. Ne4 Rf8 32. Rxg2 Rf4 33. Reg5 Rd7 34. R2g4 Rxe4 0-1


[Site "https://www.chess.com"]

[Event "Titled Tuesday Blitz July 4 Late 2023"]
[White "el_sporco"]
[Black "reevecanada"]
[WhiteElo "2353"]
[BlackElo "2561"]
[Result "1-0"]
[Round "6"]
[TimeControl "180+2"]
[Date "2023.07.04"]
[WhiteClock "0:01:00"]
[BlackClock "0:01:23"]
[Board "72"]

1. e4 c5 2. Nf3 d6 3. Nc3 Nf6 4. e5 dxe5 5. Nxe5 Nbd7 6. d4 Nxe5 7. dxe5 Qxd1+ 8. Nxd1 Nd7 9. f4 e6 10. Nc3 a6 11. Be3 g5 12. g3 b5 13. Bg2 Rb8 14. Ne4 gxf4 15. gxf4 Bb7 16. O-O-O Be7 17. Rd2 Nb6 18. Nd6+ Bxd6 19. Bxb7 Rxb7 20. Rxd6 Nc4 21. Rxa6 O-O 22. Bxc5 Rc8 23. Rg1+ Kh8 24. Bf2 Nb6 25. Rxb6 Rbc7 26. c3 1-0


[Site "https://www.chess.com"]

[Event "Titled Tuesday Blitz July 4 Late 2023"]
[White "Gerbelli Neto, Eduardo"]
[Black "Bruedigam, Martin"]
[WhiteFideId "2103281"]
[BlackFideId "24608033"]
[WhiteElo "2325"]
[BlackElo "2556"]
[Result "0-1"]
[Round "6"]
[TimeControl "180+2"]
[Date "2023.07.04"]
[WhiteClock "0:00:08"]
[BlackClock "0:00:11"]
[Board "73"]

1. e4 e5 2. Nf3 Nc6 3. d4 exd4 4. Bc4 Bc5 5. c3 Nf6 6. cxd4 Bb4+ 7. Nc3 Nxe4 8. O-O Bxc3 9. d5 Bf6 10. Re1 Ne7 11. Rxe4 d6 12. Bg5 Bxg5 13. Nxg5 h6 14. Qe2 hxg5 15. Re1 Be6 16. dxe6 f6 17. Re3 g6 18. Rh3 Rxh3 19. gxh3 c6 20. Qf3 Qa5 21. Rd1 Qe5 22. b4 d5 23. Bd3 Qxe6 24. b5 c5 25. Kf1 O-O-O 26. Re1 Qd6 27. a4 Rd7 28. a5 c4 29. Bc2 d4 30. a6 d3 31. axb7+ Rxb7 32. Ba4 c3 33. Rd1 c2 34. Bxc2 dxc2 35. Rxd6 c1=Q+ 36. Kg2 f5 37. Qe2 Rd7 38. Qe6 Qc7 39. b6 Qxd6 40. bxa7 Qxe6 41. a8=Q+ Kc7 42. Qa7+ Kd6 43. Qd4+ Nd5 0-1


[Site "https://www.chess.com"]

[Event "Titled Tuesday Blitz July 4 Late 2023"]
[White "Bullen, Alex"]
[Black "ArtemDyachuk"]
[WhiteFideId "1801627"]
[WhiteElo "2306"]
[BlackElo "2555"]
[Result "0-1"]
[Round "6"]
[TimeControl "180+2"]
[Date "2023.07.04"]
[WhiteClock "0:01:15"]
[BlackClock "0:02:14"]
[Board "74"]

1. d4 Nf6 2. Nf3 e6 3. Bf4 c5 4. e3 Nc6 5. c3 Qb6 6. Qc2 d5 7. Bd3 Bd7 8. Nbd2 Rc8 9. O-O cxd4 10. exd4 Nb4 11. Qb1 Nxd3 12. Qxd3 Bb5 13. Qc2 Bxf1 14. Nxf1 Bd6 15. Bg5 Ne4 16. Bh4 O-O 17. Ne3 h6 18. Qd3 Qxb2 19. Rb1 Qxc3 20. Qxc3 Nxc3 21. Rxb7 Nxa2 22. Rxa7 Rc1+ 23. Nf1 Nc3 24. g3 g5 25. Nxg5 hxg5 26. Bxg5 Ne2+ 27. Kg2 Rd1 28. Ne3 Rxd4 29. h4 Re4 30. h5 Nd4 31. Kh3 Kh7 32. Ng4 Be5 33. f4 Bg7 34. h6 Bh8 35. Bf6 Nf5 36. Bxh8 Kxh8 37. Nf6 Re3 38. Kg4 Rxg3+ 39. Kh5 Rh3+ 40. Kg5 Rxh6 41. Ng4 Rg6+ 42. Kh5 Rxg4 43. Kxg4 d4 44. Ra1 Kg7 45. Rg1 Kf6 46. Kf3 d3 47. Ke4 Rd8 48. Rh1 Ng3+ 0-1


[Site "https://www.chess.com"]

[Event "Titled Tuesday Blitz July 4 Late 2023"]
[White "Gardezi, Arsal"]
[Black "Ambartsumova, Karina"]
[WhiteFideId "30949521"]
[BlackFideId "4166299"]
[WhiteElo "2233"]
[BlackElo "2548"]
[Result "1-0"]
[Round "6"]
[TimeControl "180+2"]
[Date "2023.07.04"]
[WhiteClock "0:00:04"]
[BlackClock "0:00:00"]
[Board "75"]

1. e4 c5 2. Nf3 a6 3. d4 cxd4 4. Nxd4 Nf6 5. e5 Qa5+ 6. c3 Qxe5+ 7. Be3 Nd5 8. Nc2 Nxe3 9. Nxe3 e6 10. Be2 Be7 11. Nc4 Qc7 12. Qd4 Nc6 13. Qxg7 Rf8 14. Qg3 d6 15. Nbd2 b5 16. Ne3 Bb7 17. O-O-O O-O-O 18. Kb1 Kb8 19. Nb3 Rg8 20. Qh3 Rg7 21. f3 Ne5 22. Nc2 Rc8 23. Rhg1 d5 24. Qh6 Rcg8 25. g3 Nc4 26. Qc1 Ka8 27. Nd2 Rb8 28. Nxc4 bxc4 29. Ka1 Bc8 30. Nd4 Qb6 31. f4 Bc5 32. Bf3 Rg8 33. Rg2 Rd8 34. f5 e5 35. Nc2 e4 36. Bg4 Qf6 37. Nd4 Qb6 38. Qf4 Re8 39. Bh5 Rb7 40. f6 Rd8 41. Rgd2 Be6 42. Nxe6 Qxe6 43. Bg4 Qc6 44. Qe5 e3 45. Rxd5 Re8 46. Qxe8+ Qxe8 47. Rd8+ Rb8 48. Bf3+ Ka7 49. R1d7+ Kb6 50. Rb7+ Rxb7 51. Rxe8 Rd7 52. a4 Rd2 53. Re7 Rf2 54. Bg4 Rxf6 55. Re5 1-0


[Site "https://www.chess.com"]

[Event "Titled Tuesday Blitz July 4 Late 2023"]
[White "He, Anthony"]
[Black "Prem, Pranav"]
[WhiteFideId "2088215"]
[BlackFideId "30901057"]
[WhiteElo "2945"]
[BlackElo "2532"]
[Result "1-0"]
[Round "6"]
[TimeControl "180+2"]
[Date "2023.07.04"]
[WhiteClock "0:01:50"]
[BlackClock "0:00:02"]
[Board "76"]

1. d4 d5 2. Nc3 Nf6 3. Bf4 e6 4. Nb5 Na6 5. e3 Be7 6. Nf3 O-O 7. Be2 c5 8. O-O Bd7 9. c3 Ne4 10. a4 Bc6 11. Ne5 Be8 12. h3 f6 13. Nf3 Bh5 14. Bh2 Nd6 15. Qb3 c4 16. Qd1 Nc7 17. Nxc7 Qxc7 18. Nd2 Bxe2 19. Qxe2 Qb6 20. Rfb1 Rac8 21. e4 dxe4 22. Bxd6 Qxd6 23. Nxe4 Qd5 24. Nd2 a6 25. a5 Bd8 26. Ra4 Bxa5 27. Nxc4 Bc7 28. Nd2 e5 29. Re1 Rfe8 30. Nf3 e4 31. Nd2 f5 32. Rc4 Bf4 33. Rxc8 Rxc8 34. Nf1 Re8 35. Rd1 Bh6 36. c4 Qd7 37. d5 f4 38. Qh5 e3 39. fxe3 fxe3 40. Re1 Re4 41. b3 b5 42. Ng3 Re7 43. c5 Bf4 44. Ne2 Be5 45. d6 Re8 46. Rf1 g6 47. Qf3 Bg7 48. Qd5+ Kh8 49. Rf7 Qe6 50. d7 1-0


[Site "https://www.chess.com"]